 Dungeon Crawl Stone Soup version 0.30-a0-374-g95c0257040 (webtiles) character file.

Game seed: 390564193286466431

63 Anamonty the Vexing (level 4, -1/34 HPs)
             Began as a Barachi Hexslinger on Nov 25, 2022.
             Was an Initiate of Cheibriados.
             Slain by a gnoll
             ... wielding a +0 flail
              (13 damage)
             ... on level 2 of the Dungeon.
             The game lasted 00:02:14 (1128 turns).

Anamonty the Vexing (Barachi Hexslinger)            Turns: 1128, Time: 00:02:14

Health: -1/34      AC:  2    Str: 14    XL:     4   Next: 9%
Magic:  5/5        EV:  6    Int: 14    God:    Cheibriados [......]
Gold:   76         SH:  0    Dex: 14    Spells: 4/5 levels left

rFire   . . .      SeeInvis .    a - +1 sling
rCold   . . .      Faith    .    (no shield)
rNeg    . . .      Spirit   .    c - +0 robe
rPois   .          Reflect  .    (no helmet)
rElec   .          Harm     .    (no cloak)
rCorr   .          Rampage  .    (no gloves)
Will    .....                    (no boots)
Stlth   +.........               (no amulet)
HPRegen 0.25/turn                (no ring)
MPRegen 0.09/turn                (no ring)

@: held, very slow
A: amphibious, slowness 1, strong legs 1, +LOS
a: Hop, Renounce Religion


You were on level 2 of the Dungeon.
You worshipped Cheibriados.
Cheibriados was noncommittal.
You visited 1 branch of the dungeon, and saw 2 of its levels.

You collected 76 gold pieces.

Inventory:

Hand Weapons
 a - a +1 sling (weapon)
Armour
 c - a +0 robe (worn)
Scrolls
 b - a scroll of poison
 f - a scroll of identify
 i - a scroll of torment {unknown}
 k - a scroll of enchant armour {unknown}
 m - a scroll of summoning {unknown}
Potions
 d - 2 potions of resistance {unknown}
 e - a potion of attraction {unknown}
 g - a potion of flight {unknown}
 h - 4 potions of curing
 j - a potion of brilliance {unknown}
 l - a potion of magic {unknown}


   Skills:
 * Level 2.6 Fighting
 * Level 2.8 Ranged Weapons
 + Level 2.5 Dodging
 - Level 1.1 Spellcasting
 * Level 4.0 Hexes


You had 4 spell levels left.
You knew the following spells:

 Your Spells              Type           Power      Damage    Failure   Level
a - Slow                  Hex            48%        N/A       4%          1

Your spell library contained the following spells:

 Spells                   Type           Power      Damage    Failure   Level
 Inner Flame              Hex/Fire       6%         N/A       34%         3
 Portal Projectile        Hex/Tloc       12%        N/A       34%         3
 Cause Fear               Hex            6%         N/A       45%         4


Dungeon Overview and Level Annotations

Branches:
Dungeon (2/15)

Altars:
Cheibriados

Shops:
D:2 =


Innate Abilities, Weirdness & Mutations

You are amphibious.
You cover ground slowly.
You can hop short distances.
You have an extended range of vision and can be seen from far away.


Message History

A gnoll comes into view. It is wielding a +0 club.
A gnoll comes into view. It is wielding a +0 flail.
The gnoll moves out of view.
There are monsters nearby!
You shoot a sling bullet.
The sling bullet barely misses the frilled lizard.
The gnoll shouts! x2
You shoot a sling bullet.
The sling bullet barely misses the frilled lizard.
The gnoll shouts!
The sling bullet hits the gnoll!
The gnoll is severely wounded.
The frilled lizard attacks as you move away!
The frilled lizard completely misses you.
The frilled lizard closely misses you.
You shoot a sling bullet.
The sling bullet completely misses the frilled lizard.
The frilled lizard misses you.
The frilled lizard bites you but does no damage.
The gnoll closely misses you. The gnoll attacks as you move away!
The gnoll barely misses you.
The frilled lizard attacks as you move away!
The frilled lizard bites you.
The frilled lizard completely misses you.
The gnoll misses you.
The frilled lizard attacks as you move away!
The frilled lizard misses you. The gnoll hits you with a +0 club!
The frilled lizard misses you.
The frilled lizard attacks as you move away!
The frilled lizard barely misses you.
The gnoll throws a throwing net.
The throwing net hits you.
You become entangled in the net!
You see here a throwing net.
You tear a large gash into the net.
The gnoll barely misses you. The frilled lizard barely misses you.
You struggle against the net.
The gnoll completely misses you. The gnoll hits you with a +0 flail!
The frilled lizard bites you.
You struggle against the net.
The gnoll hits you with a +0 club.
The gnoll hits you from afar with a +0 spear.
The gnoll hits you with a +0 flail!
You die...

....##..# ..g........# ........#
#.......# ...####.# #.†.....#
_..#..#'## ##.#.#### ...#.....#
#.#.## ...#.)...#
#######†...####### .........#
#..g....#........#
....#....#######g......##...##)##
###.#.#.........@l.....##..>##.#
....#.#.#.######.g.....#######.#
##..#.#.#.######.......# #.#
.....†#+#'#............# #.#
######.................# #.#
^....+...........#'##### #.#
######.....#######.# #.#
#.....#######.# #.#
#.....'.....#.# #.#


You could see 3 gnolls and a frilled lizard.

Vanquished Creatures
  2 adders (D:2)
  A dart slug (D:1)
  4 endoplasms
  A giant cockroach (D:2)
  5 goblins
  3 hobgoblins (D:1)
  2 jackals (D:1)
  2 quokkas (D:1)
  3 ball pythons
  3 bats (D:1)
  3 frilled lizards
  7 kobolds
  5 rats
41 creatures vanquished.

Notes
Turn   | Place    | Note
-------+----------+-------------------------------------------
     0 | D:1      | Anamonty the Barachi Hexslinger began the quest for the
                  | Orb.
     0 | D:1      | Reached XP level 1. HP: 15/15 MP: 2/2
    57 | D:1      | Reached XP level 2. HP: 22/22 MP: 3/3
   361 | D:1      | Reached XP level 3. HP: 27/27 MP: 4/4
   823 | D:2      | Found a snail-covered altar of Cheibriados.
   836 | D:2      | Became a worshipper of Cheibriados the Contemplative
   944 | D:2      | Reached XP level 4. HP: 34/34 MP: 2/5
  1002 | D:2      | Found Ypurag's Jewellery Shop.
  1057 | D:2      | Reached skill level 4 in Hexes
  1128 | D:2      | Slain by a gnoll

Illustrated notes

Levels and vault maps discovered:
D:1:      ncdulo_lavacross, layout_basic
D:2:      layout_basic, serial_shops, nicolae_lakefront_shop, basic_altar

Skill      XL: |  1  2  3  4 |
---------------+-------------+-----
Fighting       | 2 |  2.6
Hexes          | 4 |  4.0
Ranged Weapons | |  2.8
Dodging        | |  2.5
Spellcasting   | |  1.1

Action                   |  1- 3 |  4- 6 || total
-------------------------+-------+-------++-------
 Fire: Sling             |   115 |    20 ||   135
 Cast: Slow              |     2 |       ||     2
 Abil: Hop               |     3 |       ||     3
  Use: Scroll            |     1 |       ||     1
Armor: Robe              |    11 |     1 ||    12
Dodge: Dodged            |    30 |    16 ||    46

Table legend: (Time is in decaauts)
 A = Elapsed time spent in this place.
 B = Non-inter-level travel time spent in this place.
 C = Inter-level travel time spent in this place.
 D = Time resting spent in this place.
 E = Time spent auto-exploring this place.
 F = Levels seen in this place.
 G = Mean time per level.
                   A        B        C        D        E       F      G
               +--------+--------+--------+--------+--------+-----+--------+
         Total |   1366 |   1327 |     39 |      0 |    970 |   2 |  683.0 |
       Dungeon |   1366 |   1327 |     39 |      0 |    970 |   2 |  683.0 |
               +--------+--------+--------+--------+--------+-----+--------+

Top non-repeatable levels by time:
     D:1: 958 daAuts
     D:2: 407 daAuts
